PAA
CASPER GHOSTS @ BELVEDERE PARK RAWHIDES
09/12/2023
 
TOP OF THE 1ST
Casper Ghosts batting - Pitching for Belvedere Park Rawhides : RHP Marvin Martin
Pitching: RHP Marvin Martin
Batting: RHB Henry Appleby 0-0: Called Strike
0-1: Swinging Strike
0-2: Ball
1-2: DOUBLE (Flyball, 7LM)
Batting: RHB Raúl Ruíz 0-0: SINGLE (Line Drive, 6D)
Henry Appleby to third
Batting: LHB Mysterious Walker 0-0: Ball
1-0: Ball
2-0: Foul Ball, location: 2F
2-1: Foul Ball, location: 2F
2-2: Strikes out swinging
Batting: RHB Jim Unknown 0-0: Ball
1-0: Ball
2-0: Called Strike
2-1: Foul Ball, location: 2F
2-2: Fly out, F8 (Flyball, 8RM)
Batting: SHB José Juárez 0-0: Called Strike
0-1: Ball
1-1: Ball
2-1: Ball
3-1: Called Strike
3-2: Foul Ball, location: 2F
3-2: SINGLE (Groundball, 4)
Henry Appleby scores
Raúl Ruíz to second
Raúl Ruíz to third
Batting: RHB Mark Davis 0-0: Swinging Strike
0-1: Ball
1-1: Called Strike
1-2: Foul Ball, location: 2F
1-2: Ball
2-2: Ground out 4-3 (Groundball, 4)
Top of the 1st over - 1 run(s), 3 hit(s), 0 error(s), 2 left on base; Casper 1 - Belvedere Park 0
BOTTOM OF THE 1ST
Belvedere Park Rawhides batting - Pitching for Casper Ghosts : LHP António Castillo
Pitching: LHP António Castillo
Batting: SHB Manuel González 0-0: Swinging Strike
0-1: Fly out, F8 (Line Drive, 8LM)
Batting: RHB Pedro Jiménez 0-0: Ball
1-0: Ball
2-0: Ball
3-0: Called Strike
3-1: Called Strike
3-2: Base on Balls
Batting: RHB Domingo Calderón 0-0: Ball
1-0: Called Strike
1-1: Ball
2-1: Swinging Strike
2-2: Strikes out swinging
Batting: RHB Jim Burch 0-0: Ball
1-0: Called Strike
1-1: Foul Ball, location: 2F
1-2: Strikes out swinging
Bottom of the 1st over - 0 run(s), 0 hit(s), 0 error(s), 1 left on base; Casper 1 - Belvedere Park 0
TOP OF THE 2ND
Casper Ghosts batting - Pitching for Belvedere Park Rawhides : RHP Marvin Martin
Batting: RHB Dave Young 0-0: Called Strike
0-1: Foul Ball, location: 2F
0-2: Strikes out swinging
Batting: RHB Lorenzo Díaz 0-0: Ball
1-0: Ball
2-0: Ball
3-0: Called Strike
3-1: Foul Ball, location: 2F
3-2: Fly out, F2 (Popup, 23F)
Batting: RHB Ron Coffman 0-0: Called Strike
0-1: Swinging Strike
0-2: Ball
1-2: SINGLE (Groundball, 56D)
Batting: RHB Henry Appleby 0-0: Ball
1-0: Foul Ball, location: 2F
1-1: Called Strike
1-2: Strikes out looking
Top of the 2nd over - 0 run(s), 1 hit(s), 0 error(s), 1 left on base; Casper 1 - Belvedere Park 0
BOTTOM OF THE 2ND
Belvedere Park Rawhides batting - Pitching for Casper Ghosts : LHP António Castillo
Batting: RHB Danny Penn 0-0: Called Strike
0-1: Foul Ball, location: 2F
0-2: Ball
1-2: Ball
2-2: Ground out 6-3 (Groundball, 6)
Batting: LHB Willie Brown 0-0: Called Strike
0-1: Ball
1-1: Called Strike
1-2: Foul Ball, location: 2F
1-2: Hit by Pitch
Batting: RHB Victorino Navarro 0-0: Ball
1-0: Fielders Choice at 2nd, 4-6 (Groundball, 4)
Batting: SHB Greg Henderson 0-0: Fly out, F4 (Popup, 3DF)
Bottom of the 2nd over - 0 run(s), 0 hit(s), 0 error(s), 1 left on base; Casper 1 - Belvedere Park 0
TOP OF THE 3RD
Casper Ghosts batting - Pitching for Belvedere Park Rawhides : RHP Marvin Martin
Batting: RHB Raúl Ruíz 0-0: SINGLE (Groundball, 6D)
Batting: LHB Mysterious Walker 0-0: Called Strike
0-1: Foul Ball, location: 2F
0-2: Foul Ball, location: 2F
0-2: Ball
1-2: Strikes out looking
Batting: RHB Jim Unknown 0-0: Ball
1-0: Ball
2-0: Ball
3-0: Called Strike
3-1: Base on Balls
Raúl Ruíz to second
Batting: SHB José Juárez 0-0: Ball
1-0: Ball
2-0: Ball
3-0: Base on Balls
Raúl Ruíz to third
Jim Unknown to second
Batting: RHB Mark Davis 0-0: Ball
1-0: Called Strike
1-1: Ball
2-1: Ball
3-1: Base on Balls
Raúl Ruíz scores
Jim Unknown to third
José Juárez to second
Batting: RHB Dave Young 0-0: Called Strike
0-1: SINGLE (Line Drive, 56)
Jim Unknown scores
José Juárez to third
Mark Davis to second
Batting: RHB Lorenzo Díaz 0-0: Ball
1-0: Foul Ball, location: 2F
Balk!
José Juárez scores
Mark Davis to third
Dave Young to second
1-1: Foul Ball, location: 2F
1-2: Ball
2-2: Strikes out swinging
Batting: RHB Ron Coffman 0-0: Called Strike
0-1: Fly out, F7 (Line Drive, 78D)
Top of the 3rd over - 3 run(s), 2 hit(s), 0 error(s), 2 left on base; Casper 4 - Belvedere Park 0
BOTTOM OF THE 3RD
Belvedere Park Rawhides batting - Pitching for Casper Ghosts : LHP António Castillo
Batting: RHB César López 0-0: Called Strike
0-1: Ground out 4-3 (Groundball, 4M)
Batting: SHB Manuel González 0-0: Called Strike
0-1: DOUBLE (Line Drive, 89M)
Batting: RHB Pedro Jiménez 0-0: Called Strike
0-1: Ball
1-1: Foul Ball, location: 2F
1-2: Strikes out swinging
Batting: RHB Domingo Calderón 0-0: Ball
1-0: Swinging Strike
1-1: Called Strike
1-2: Ball
2-2: Foul Ball, location: 2F
2-2: Ball
Wild Pitch!
Manuel González to third
3-2: Base on Balls
Batting: RHB Jim Burch 0-0: Called Strike
0-1: Foul Ball, location: 2F
0-2: Fly out, F5 (Popup, 56)
Bottom of the 3rd over - 0 run(s), 1 hit(s), 0 error(s), 2 left on base; Casper 4 - Belvedere Park 0
TOP OF THE 4TH
Casper Ghosts batting - Pitching for Belvedere Park Rawhides : RHP Marvin Martin
Batting: RHB Henry Appleby 0-0: Fly out, F6 (Popup, 6MD)
Batting: RHB Raúl Ruíz 0-0: Ball
1-0: Foul Ball, location: 2F
1-1: Foul Ball, location: 2F
1-2: Ball
2-2: Foul Ball, location: 2F
2-2: Ground out 6-3 (Groundball, 6)
Batting: LHB Mysterious Walker 0-0: Foul Ball, location: 2F
0-1: Foul Ball, location: 2F
0-2: Strikes out looking
Top of the 4th over - 0 run(s), 0 hit(s), 0 error(s), 0 left on base; Casper 4 - Belvedere Park 0
BOTTOM OF THE 4TH
Belvedere Park Rawhides batting - Pitching for Casper Ghosts : LHP António Castillo
Batting: RHB Danny Penn 0-0: Ball
1-0: Called Strike
1-1: Ball
2-1: Ball
3-1: Called Strike
3-2: DOUBLE (Flyball, 89XD)
Batting: LHB Willie Brown 0-0: SINGLE (Groundball, 4MD)
Danny Penn to third
Batting: RHB Victorino Navarro 0-0: SINGLE (Line Drive, 7S)
Danny Penn scores
Willie Brown to second
Batting: SHB Greg Henderson 0-0: Ball
1-0: Foul Ball, location: 2F
1-1: Foul Ball, location: 2F
1-2: Foul Ball, location: 2F
1-2: Fly out, F6 (Popup, 6)
Batting: RHB César López 0-0: Ball
1-0: Called Strike
1-1: Swinging Strike
1-2: Fly out, F8 (Flyball, 8LM)
Batting: SHB Manuel González 0-0: Fielders Choice at 2nd, U6 (Groundball, 6M)
Bottom of the 4th over - 1 run(s), 3 hit(s), 0 error(s), 2 left on base; Casper 4 - Belvedere Park 1
TOP OF THE 5TH
Casper Ghosts batting - Pitching for Belvedere Park Rawhides : RHP Marvin Martin
Batting: RHB Jim Unknown 0-0: SINGLE (Line Drive, 5D)
Batting: SHB José Juárez 0-0: Foul Ball, location: 2F
0-1: Ball
1-1: Swinging Strike
1-2: Ball
2-2: Strikes out looking
Batting: RHB Mark Davis 0-0: Called Strike
Jim Unknown steals 2nd base
0-1: Foul Ball, location: 2F
0-2: Ball
1-2: Ball
2-2: Ball
3-2: SINGLE (Line Drive, 7S)
Jim Unknown to third
Throwing error, E7
Jim Unknown scores
Mark Davis to second
Pitching: RHP Javier Hernández
Batting: RHB Dave Young 0-0: Ball
1-0: Ball
2-0: Called Strike
2-1: 2-RUN HOME RUN (Flyball, 78XD), Distance : 422 ft
Batting: RHB Lorenzo Díaz 0-0: Ball
1-0: Ball
2-0: Fly out, F7 (Flyball, 7M)
Batting: RHB Ron Coffman 0-0: Foul Ball, location: 2F
0-1: Foul Ball, location: 2F
0-2: Strikes out looking
Top of the 5th over - 3 run(s), 3 hit(s), 1 error(s), 0 left on base; Casper 7 - Belvedere Park 1
BOTTOM OF THE 5TH
Belvedere Park Rawhides batting - Pitching for Casper Ghosts : LHP António Castillo
Batting: RHB Pedro Jiménez 0-0: Ball
1-0: Ball
2-0: Ball
3-0: Base on Balls
Batting: RHB Domingo Calderón 0-0: Ball
1-0: Ball
2-0: Swinging Strike
2-1: Called Strike
2-2: Foul Ball, location: 2F
2-2: Ball
3-2: Strikes out swinging
Throwing error on steal attempt, E2
Pedro Jiménez to third
Batting: RHB Jim Burch 0-0: Foul Ball, location: 2F
0-1: Called Strike
0-2: Ball
1-2: Ground out 6-3 (Groundball, 6)
Pedro Jiménez scores
Batting: RHB Danny Penn 0-0: Ball
1-0: Called Strike
1-1: Foul Ball, location: 2F
1-2: Ball
2-2: Ball
3-2: Base on Balls
Batting: LHB Willie Brown 0-0: Ball
1-0: Ball
2-0: Foul Ball, location: 2F
2-1: Ball
3-1: Foul Ball, location: 2F
3-2: Base on Balls
Danny Penn to second
Pitching: RHP Ethan Martin
Batting: RHB Victorino Navarro 0-0: Fly out, F8 (Flyball, 8LM)
Bottom of the 5th over - 1 run(s), 0 hit(s), 1 error(s), 2 left on base; Casper 7 - Belvedere Park 2
TOP OF THE 6TH
Casper Ghosts batting - Pitching for Belvedere Park Rawhides : RHP Javier Hernández
Batting: RHB Henry Appleby 0-0: Ball
1-0: Called Strike
1-1: Swinging Strike
1-2: Ball
2-2: Strikes out looking
Batting: RHB Raúl Ruíz 0-0: Ball
1-0: Ball
2-0: Called Strike
2-1: Ground out 5-3 (Groundball, 56)
Batting: LHB Mysterious Walker 0-0: Ball
1-0: Swinging Strike
1-1: SINGLE (Flyball, 6MD)
Batting: RHB Jim Unknown 0-0: Ball
1-0: Foul Ball, location: 2F
1-1: Ground out 6-3 (Groundball, 6)
Top of the 6th over - 0 run(s), 1 hit(s), 0 error(s), 1 left on base; Casper 7 - Belvedere Park 2
BOTTOM OF THE 6TH
Belvedere Park Rawhides batting - Pitching for Casper Ghosts : RHP Ethan Martin
Batting: SHB Greg Henderson 0-0: Called Strike
0-1: Ball
1-1: Foul Ball, location: 2F
1-2: Ball
2-2: Ball
3-2: Foul Ball, location: 2F
3-2: Foul Ball, location: 2F
3-2: Base on Balls
Batting: RHB César López 0-0: Swinging Strike
0-1: Ball
1-1: Ball
2-1: Foul Ball, location: 2F
2-2: Fly out, F9 (Flyball, 89M)
Batting: SHB Manuel González 0-0: SINGLE (Line Drive, 7LS)
Greg Henderson to second
Batting: RHB Pedro Jiménez 0-0: Called Strike
0-1: Foul Ball, location: 2F
0-2: Foul Ball, location: 2F
0-2: Ball
1-2: Ball
2-2: Foul Ball, location: 2F
2-2: Foul Ball, location: 2F
2-2: Fielders Choice at 2nd, 3-6 (Groundball, 3)
Greg Henderson to third
Batting: RHB Domingo Calderón 0-0: Ball
1-0: Called Strike
1-1: Foul Ball, location: 2F
1-2: Ball
2-2: Ball
3-2: Fly out, F7 (Flyball, 7LM)
Bottom of the 6th over - 0 run(s), 1 hit(s), 0 error(s), 2 left on base; Casper 7 - Belvedere Park 2
TOP OF THE 7TH
Casper Ghosts batting - Pitching for Belvedere Park Rawhides : RHP Javier Hernández
Batting: SHB José Juárez 0-0: Ball
1-0: Called Strike
1-1: Swinging Strike
1-2: Strikes out swinging
Batting: RHB Mark Davis 0-0: Foul Ball, location: 2F
0-1: Swinging Strike
0-2: TRIPLE (Flyball, 8RXD)
Batting: RHB Dave Young 0-0: Called Strike
0-1: Foul Ball, location: 2F
0-2: Ball
1-2: Strikes out looking
Batting: RHB Lorenzo Díaz 0-0: Ball
1-0: Fly out, F9 (Flyball, 8RS)
Top of the 7th over - 0 run(s), 1 hit(s), 0 error(s), 1 left on base; Casper 7 - Belvedere Park 2
BOTTOM OF THE 7TH
Belvedere Park Rawhides batting - Pitching for Casper Ghosts : RHP Ethan Martin
Batting: RHB Jim Burch 0-0: Foul Ball, location: 2F
0-1: Ground out 4-3 (Groundball, 4)
Batting: RHB Danny Penn 0-0: Ball
1-0: Called Strike
1-1: SINGLE (Line Drive, 6)
Batting: LHB Willie Brown 0-0: Fly out, F7 (Flyball, 7LS)
Batting: RHB Victorino Navarro 0-0: Called Strike
0-1: Fly out, F9 (Line Drive, 9S)
Bottom of the 7th over - 0 run(s), 1 hit(s), 0 error(s), 1 left on base; Casper 7 - Belvedere Park 2
TOP OF THE 8TH
Casper Ghosts batting - Pitching for Belvedere Park Rawhides : RHP Javier Hernández
Batting: RHB Ron Coffman 0-0: Ball
1-0: Ball
2-0: Ball
3-0: Called Strike
3-1: Called Strike
3-2: Base on Balls
Batting: RHB Henry Appleby 0-0: Sac Bunt - play at first, batter OUT! U3
Ron Coffman to second
Batting: RHB Raúl Ruíz 0-0: Called Strike
0-1: Ground out 5-3 (Groundball, 5)
Batting: LHB Mysterious Walker 0-0: Ball
1-0: Foul Ball, location: 2F
1-1: DOUBLE (Line Drive, 78M)
Ron Coffman scores
Batting: RHB Jim Unknown 0-0: Ball
1-0: SINGLE (Groundball, 34D) (infield hit)
Mysterious Walker to third
Batting: SHB José Juárez 0-0: Foul Ball, location: 2F
0-1: Called Strike
0-2: Foul Ball, location: 2F
0-2: Foul Ball, location: 2F
0-2: Ball
1-2: Foul Ball, location: 2F
1-2: Ball
2-2: Fly out, F8 (Flyball, 8LXD)
Top of the 8th over - 1 run(s), 2 hit(s), 0 error(s), 2 left on base; Casper 8 - Belvedere Park 2
BOTTOM OF THE 8TH
Belvedere Park Rawhides batting - Pitching for Casper Ghosts : RHP Ethan Martin
Batting: SHB Greg Henderson 0-0: Ball
1-0: Called Strike
1-1: Ball
2-1: Ball
3-1: Base on Balls
Batting: RHB César López 0-0: Fly out, F7 (Flyball, 78M)
Batting: SHB Manuel González 0-0: Fly out, F9 (Flyball, 89S)
Batting: RHB Pedro Jiménez 0-0: Called Strike
0-1: Ball
1-1: Ball
2-1: Ball
3-1: Swinging Strike
3-2: Strikes out looking
Bottom of the 8th over - 0 run(s), 0 hit(s), 0 error(s), 1 left on base; Casper 8 - Belvedere Park 2
TOP OF THE 9TH
Casper Ghosts batting - Pitching for Belvedere Park Rawhides : RHP Javier Hernández
Pitching: RHP Aaron O'Neill
Batting: RHB Mark Davis 0-0: Called Strike
0-1: Foul Ball, location: 2F
0-2: Ball
1-2: Foul Ball, location: 2F
1-2: Ground out 5-3 (Groundball, 5S)
Batting: RHB Dave Young 0-0: Hit by Pitch
Batting: RHB Lorenzo Díaz 0-0: Called Strike
0-1: Grounds into double play, 6-4-3 (Groundball, 6M)
Top of the 9th over - 0 run(s), 0 hit(s), 0 error(s), 0 left on base; Casper 8 - Belvedere Park 2
BOTTOM OF THE 9TH
Belvedere Park Rawhides batting - Pitching for Casper Ghosts : RHP Ethan Martin
Batting: RHB Domingo Calderón 0-0: Ball
1-0: Ball
2-0: Ball
3-0: Called Strike
3-1: Foul Ball, location: 2F
3-2: Base on Balls
Batting: RHB Jim Burch 0-0: Called Strike
0-1: Foul Ball, location: 2F
0-2: Grounds into double play, 6-4-3 (Groundball, 6)
Batting: RHB Danny Penn 0-0: SOLO HOME RUN (Flyball, 7D), Distance : 398 ft
Pitching: RHP Jim Unknown
Batting: LHB Willie Brown 0-0: Ball
1-0: Called Strike
1-1: Ball
2-1: Ball
3-1: Called Strike
3-2: Foul Ball, location: 2F
3-2: Foul Ball, location: 2F
3-2: Strikes out swinging
Bottom of the 9th over - 1 run(s), 1 hit(s), 0 error(s), 0 left on base; Casper 8 - Belvedere Park 3
This league is powered by Out of the Park Baseball, the baseball management simulation game for PC, Mac and Linux
Friday, July 8th, 2016 - OOTP Baseball 16.9 Build 39